 Dungeon Crawl Stone Soup version 0.28-a0-925-gd5e1996cdb (webtiles) character file.

Game seed: 1177839332585230161

994 croobank the Chopper (level 8, 0/67 HPs)
             Began as a Gnoll Cinder Acolyte on Nov 27, 2021.
             Was a Priest of Ignis.
             Slain by Eustachio (8 damage)
             ... on level 5 of the Dungeon.
             The game lasted 00:28:53 (5636 turns).

croobank the Chopper (Gnoll Cinder Acolyte)         Turns: 5636, Time: 00:28:54

Health: 0/67       AC:  0    Str: 13    XL:     8   Next: 19%
Magic:  1/14       EV: 14    Int: 14    God:    Ignis [***...]
Gold:   207        SH:  0    Dex: 10    Spells: 11/15 levels left

rFire   + . .      SeeInvis .     - Unarmed
rCold   . . .      Faith    .   (shield currently unavailable)
rNeg    . . .      Spirit   .   (armour currently unavailable)
rPois   .          Reflect  .   (helmet currently unavailable)
rElec   .          Harm     .   (cloak currently unavailable)
rCorr   .          Rampage  .   (gloves currently unavailable)
Will    .....                   (boots currently unavailable)
Stlth   ++........              (no amulet)
HPRegen 0.21/turn               (ring currently unavailable)
MPRegen 0.14/turn               (ring currently unavailable)

@: pig-form, very slightly contaminated, very quick
A: fast, no casting, small, (fangs 1), strong nose, distributed training
a: Renounce Religion, Fiery Armour, Foxfire Swarm, Rising Flame


You were on level 5 of the Dungeon.
You worshipped Ignis.
Ignis was most pleased with you.
You were a filthy swine.
You visited 1 branch of the dungeon, and saw 5 of its levels.

You collected 207 gold pieces.

Inventory:

Hand Weapons
 a - a +0 war axe (melded)
 b - a +0 hunting sling
 d - a +0 short sword
 f - a +0 spear
 n - a +0 hand axe of flaming
 x - a +2 dagger of venom
Missiles
 c - 161 stones (quivered)
 j - 6 boomerangs
 k - 47 arrows
 m - 58 bolts
 q - 62 sling bullets
Armour
 g - a +1 scale mail (melded)
 h - a +0 leather armour
 s - a +0 helmet (melded)
 t - a +2 robe of willpower
 y - a +0 kite shield
Jewellery
 i - a +6 ring of intelligence (melded)
 p - a ring of see invisible (melded)
 C - a ring of resist corrosion
Wands
 u - a wand of iceblast (11)
Scrolls
 l - 2 scrolls of magic mapping
 o - a scroll of teleportation
 r - a scroll of immolation
 w - a scroll of holy word {unknown}
 A - a scroll of identify
Potions
 e - a potion of curing
 v - a potion of cancellation
 z - a potion of haste {unknown}
 B - a potion of might {unknown}
 D - a potion of brilliance {unknown}


   Skills:
 + Level 7.2 Fighting
 + Level 3.0 Short Blades
 + Level 3.0 Long Blades
 + Level 7.2 Axes
 + Level 3.0 Maces & Flails
 + Level 3.0 Polearms
 + Level 3.0 Staves
 + Level 3.0 Slings
 + Level 3.0 Bows
 + Level 3.0 Crossbows
 + Level 3.0 Throwing
 + Level 3.0 Armour
 + Level 3.0 Dodging
 + Level 3.0 Stealth
 + Level 3.0 Shields
 + Level 3.0 Unarmed Combat
 + Level 4.2 Spellcasting
 + Level 2.4 Conjurations
 + Level 2.4 Hexes
 + Level 2.4 Summonings
 + Level 2.4 Necromancy
 + Level 2.4 Translocations
 + Level 2.4 Transmutations
 + Level 6.0 Fire Magic
 + Level 2.4 Ice Magic
 + Level 2.4 Air Magic
 + Level 2.4 Earth Magic
 + Level 2.4 Poison Magic
 + Level 3.3 Invocations
 + Level 3.0 Evocations


You had 11 spell levels left.
You knew the following spells:

 Your Spells              Type           Power      Damage    Failure   Level
a - Scorch                Fire           38%        2d7       2%          2
b - Wereblood             Tmut           9%         N/A       11%         2

Your spell library contained the following spells:

 Spells                   Type           Power      Damage    Failure   Level
 Sublimation of Blood     Necr           9%         N/A       11%         2
 Summon Hydra             Summ           4%         N/A       100%        7


Dungeon Overview and Level Annotations

Branches:
Dungeon (5/15)
 Temple: D:4-7

Altars:
Ru

Annotations:
D:5 Eustachio, Sigmund


Innate Abilities, Weirdness & Mutations

You are a filthy swine.
You move quickly.
Your equipment is almost entirely melded.
You are incapable of wielding weapons or throwing items.
You cannot cast spells.
((You have very sharp teeth.))
Your uncanny sense of smell can sniff out nearby items.
Your experience applies equally to all skills.


Message History

Eustachio is heavily wounded.
The foxfire hits Eustachio.
Eustachio is heavily wounded.
The foxfire hits the ogre.
The ogre is burned terribly!
The ogre is severely wounded.
The foxfire hits the orc.
You kill the orc!
The foxfire hits the ogre.
The ogre is burned terribly!
The ogre is severely wounded.
The foxfire hits Eustachio.
Eustachio is heavily wounded.
The foxfire hits Eustachio but does no damage.
Eustachio is heavily wounded.
The foxfire hits the ogre but does no damage.
The ogre is severely wounded.
The foxfire hits Eustachio.
Eustachio is severely wounded.
The foxfire hits Eustachio.
Eustachio is severely wounded.
The foxfire hits Eustachio.
Eustachio is almost dead.
The foxfire hits Eustachio but does no damage.
Eustachio is almost dead.
The foxfire hits Sigmund.
Sigmund is lightly wounded.
The foxfire hits Eustachio.
Eustachio is almost dead.
Eustachio hits you with a +0 rapier.
The ogre hits you with a +0 giant spiked club!
* * * LOW HITPOINT WARNING * * *
The foxfire hits Eustachio.
Eustachio is almost dead.
Sigmund zaps a wand.
You turn into a filthy swine.
Your +0 war axe melds into your body.
Your +0 helmet melds into your body.
Your +1 scale mail melds into your body.
Your +6 ring of intelligence melds into your body.
Your ring of see invisible melds into your body.
You feel stupid. Eustachio hits you with a +0 rapier!
You die...

. ..#####
.....#.##
........##
......O.§##
#)@h§§#
#.[)§§..#
#§#§.§..#
∆#..#..§.# .
$ ......
....∆.##.@..
.. .. ..
.... ......
.. ...


You could see Eustachio, Sigmund and an ogre (combustible).

Vanquished Creatures
  Duvessa (D:4)
  3 ogres (D:4)
  2 scorpions (D:4)
  A water moccasin skeleton (D:3)
  Dowan (D:4)
  A hound (D:4)
  A gnoll shaman (D:4)
  A jelly (D:4)
  An iguana (D:4)
  Terence (D:2)
  2 orc wizards (D:4)
  Ijyb (D:5)
  A hound skeleton (D:4)
  4 gnolls
  4 adders
  An ufetubus (D:5)
  3 worms (D:2)
  3 dart slugs
  14 orcs
  7 ball pythons
  4 bats
  8 endoplasms
  3 giant cockroaches
  10 goblins
  11 hobgoblins
  3 jackals (D:1)
  9 kobolds
  A quokka (D:1)
  A frilled lizard (D:1)
  8 rats
111 creatures vanquished.

Vanquished Creatures (others)
  34 foxfires (D:5)
34 creatures vanquished.

Grand Total: 145 creatures vanquished

Notes
Turn   | Place    | Note
-------+----------+-------------------------------------------
     0 | D:1      | croobank the Gnoll Cinder Acolyte began the quest for the
                  | Orb.
     0 | D:1      | Reached XP level 1. HP: 23/23 MP: 4/4
   238 | D:1      | Reached XP level 2. HP: 12/29 MP: 5/5
   533 | D:1      | Learned a level 2 spell: Scorch
   833 | D:1      | Reached XP level 3. HP: 34/35 MP: 4/7
  1003 | D:1      | Found a faded altar of an unknown god.
  1166 | D:1      | Reached skill level 1 in Invocations
  1478 | D:2      | Reached skill level 1 in Short Blades
  1478 | D:2      | Reached skill level 1 in Long Blades
  1478 | D:2      | Reached skill level 1 in Maces & Flails
  1478 | D:2      | Reached skill level 1 in Polearms
  1478 | D:2      | Reached skill level 1 in Staves
  1478 | D:2      | Reached skill level 1 in Slings
  1478 | D:2      | Reached skill level 1 in Bows
  1478 | D:2      | Reached skill level 1 in Crossbows
  1478 | D:2      | Reached skill level 1 in Throwing
  1478 | D:2      | Reached skill level 1 in Armour
  1478 | D:2      | Reached skill level 1 in Dodging
  1478 | D:2      | Reached skill level 1 in Stealth
  1478 | D:2      | Reached skill level 1 in Shields
  1478 | D:2      | Reached skill level 1 in Unarmed Combat
  1478 | D:2      | Reached skill level 1 in Evocations
  1619 | D:2      | Reached XP level 4. HP: 27/41 MP: 2/8
  2492 | D:2      | Reached skill level 1 in Conjurations
  2492 | D:2      | Reached skill level 1 in Hexes
  2492 | D:2      | Reached skill level 1 in Summonings
  2492 | D:2      | Reached skill level 1 in Necromancy
  2492 | D:2      | Reached skill level 1 in Translocations
  2492 | D:2      | Reached skill level 1 in Transmutations
  2492 | D:2      | Reached skill level 1 in Ice Magic
  2492 | D:2      | Reached skill level 1 in Air Magic
  2492 | D:2      | Reached skill level 1 in Earth Magic
  2492 | D:2      | Reached skill level 1 in Poison Magic
  2731 | D:2      | Noticed Terence
  2735 | D:2      | Killed Terence
  2736 | D:2      | Reached XP level 5. HP: 47/47 MP: 4/9
  3953 | D:4      | Reached XP level 6. HP: 48/53 MP: 7/10
  4442 | D:4      | Learned a level 2 spell: Wereblood
  4450 | D:4      | Reached XP level 7. HP: 52/59 MP: 5/12
  4451 | D:4      | Found a sacrificial altar of Ru.
  5349 | D:5      | Entered Level 5 of the Dungeon
  5349 | D:5      | Noticed Ijyb
  5353 | D:5      | Noticed Duvessa
  5354 | D:5      | Noticed Sigmund
  5486 | D:5      | Noticed Dowan
  5487 | D:5      | Killed Ijyb
  5488 | D:5      | Reached XP level 8. HP: 51/67 MP: 8/14
  5489 | D:5      | Noticed Eustachio
  5495 | D:4      | Killed Duvessa
  5495 | D:4      | Killed Dowan
  5636 | D:5      | Slain by Eustachio

Illustrated notes

Levels and vault maps discovered:
D:1:      minmay_arrival_jagged, layout_basic, ebering_ecumenical_altar_hall,
          minmay_strange_pillars, minmay_tetromino_t4
D:2:      layout_basic, chequers_garden, uniq_terence
D:3:      layout_basic, grunt_decor_cap
D:4:      minmay_bubble_buster, layout_cave_pools, nicolae_ru_awakened_eye
D:5:      layout_cave_pools, mainiacjoe_overflow_small_starburst,
          mainiacjoe_overflow_boulevard, uniq_sigmund, uniq_eustachio,
          uniq_ijyb, uniq_duvessa

Skill      XL: |  1  2  3  4  5  6  7  8 |
---------------+-------------------------+-----
Invocations    | 1 2 3 |  3.3
Short Blades   | 1 2 3 |  3.0
Long Blades    | 1 2 3 |  3.0
Maces & Flails | 1 2 3 |  3.0
Polearms       | 1 2 3 |  3.0
Staves         | 1 2 3 |  3.0
Slings         | 1 2 3 |  3.0
Bows           | 1 2 3 |  3.0
Crossbows      | 1 2 3 |  3.0
Throwing       | 1 2 3 |  3.0
Armour         | 1 2 3 |  3.0
Dodging        | 1 2 3 |  3.0
Stealth        | 1 2 3 |  3.0
Shields        | 1 2 3 |  3.0
Unarmed Combat | 1 2 3 |  3.0
Evocations     | 1 2 3 |  3.0
Spellcasting   | 3 4 |  4.2
Conjurations   | 1 2 |  2.4
Hexes          | 1 2 |  2.4
Summonings     | 1 2 |  2.4
Necromancy     | 1 2 |  2.4
Translocations | 1 2 |  2.4
Transmutations | 1 2 |  2.4
Ice Magic      | 1 2 |  2.4
Air Magic      | 1 2 |  2.4
Earth Magic    | 1 2 |  2.4
Poison Magic   | 1 2 |  2.4
Fighting       | 7 |  7.2
Axes           | 7 |  7.2
Fire Magic     | 6 |  6.0

Action                   |  1- 3 |  4- 6 |  7- 9 || total
-------------------------+-------+-------+-------++-------
Melee: Hand axe          |    49 |       |       ||    49
       Bite              |     1 |     3 |     5 ||     9
       War axe           |       |    31 |    35 ||    66
 Fire: Hunting sling     |       |    25 |     6 ||    31
Throw: Stone             |       |     4 |     1 ||     5
 Cast: Scorch            |    25 |    63 |    31 ||   119
       Wereblood         |       |     1 |     5 ||     6
Invok: Foxfire Swarm     |       |     1 |     2 ||     3
       Fiery Armour      |       |     1 |     1 ||     2
  Use: Scroll            |     5 |     4 |       ||     9
       Potion            |       |     1 |       ||     1
Armor: Robe              |     7 |    15 |    10 ||    32
       Scale mail        |       |       |     6 ||     6
Dodge: Dodged            |    23 |    30 |    54 ||   107

Table legend: (Time is in decaauts)
 A = Elapsed time spent in this place.
 B = Non-inter-level travel time spent in this place.
 C = Inter-level travel time spent in this place.
 D = Time resting spent in this place.
 E = Time spent auto-exploring this place.
 F = Levels seen in this place.
 G = Mean time per level.
                   A        B        C        D        E       F      G
               +--------+--------+--------+--------+--------+-----+--------+
         Total |   5641 |   5575 |     66 |   1361 |   3228 |   5 | 1128.2 |
       Dungeon |   5641 |   5575 |     66 |   1361 |   3228 |   5 | 1128.2 |
               +--------+--------+--------+--------+--------+-----+--------+

Top non-repeatable levels by time:
     D:4: 1844 daAuts
     D:1: 1470 daAuts
     D:2: 1328 daAuts
     D:3: 972 daAuts
     D:5: 25 daAuts
